Map: Automaton LE

Players

Throwfordays - Winner!

  • Race: Protoss Protoss
  • League: Bronze
  • Spawn Location: 9:00

VOD

Have the link to the VOD?

Description

Time

  • Played on: Jan. 23, 2019, 3:19 p.m.
  • Length: 13:45
Show
View Real Time Build Order
Export as new Build Order

Throwfordays Protoss - Winner!

Build Orders:  

Get SALT Encoding   

  12  0:04  Probe (Chrono Boost)  
  14  0:21  Probe (Chrono Boost)  
  14  0:26  Pylon  
  14  0:38  Probe (Chrono Boost)  
  15  0:55  Probe (Chrono Boost)  
  15  0:57  Gateway  
  17  1:11  Assimilator  
  17  1:12  Probe (Chrono Boost)  
  17  1:35  Probe (Chrono Boost)  
  18  1:52  Probe (Chrono Boost)  
  19  2:02  Cybernetics Core  
  19  2:09  Probe (Chrono Boost)  
  20  2:21  Nexus  
  20  2:46  Gateway  
  20  2:49  Assimilator  
  20  3:06  Pylon  
  20  3:21  Pylon  
  20  3:33  Warp Gate  
  20  3:35  Probe (Chrono Boost)  
  21  3:41  Stalker  
  24  3:52  Pylon, Probe (Chrono Boost)  
  24  4:04  Probe (Chrono Boost)  
  24  4:09  Probe (Chrono Boost)  
  27  4:21  Probe (Chrono Boost)  
  27  4:27  Probe (Chrono Boost)  
  28  4:38  Probe (Chrono Boost)  
  29  4:44  Probe (Chrono Boost)  
  29  4:47  Stalker  
  32  4:51  Stalker  
  32  4:55  Probe (Chrono Boost)  
  36  5:01  Probe (Chrono Boost)  
  36  5:12  Probe (Chrono Boost)  
  36  5:18  Probe (Chrono Boost)  
  38  5:29  Probe (Chrono Boost)  
  39  5:30  Gateway  
  39  5:35  Probe (Chrono Boost)  
  40  5:46  Probe (Chrono Boost)  
  42  5:51  Probe (Chrono Boost)  
  42  5:52  Gateway  
  42  5:55  Gateway  
  42  5:58  Gateway  
  42  6:03  Probe (Chrono Boost)  
  42  6:08  Probe (Chrono Boost)  
  44  6:16  Stalker x2  
  49  6:20  Probe (Chrono Boost)  
  49  6:25  Probe (Chrono Boost)  
  50  6:37  Probe (Chrono Boost)  
  51  6:48  Adept  
  51  6:49  Pylon, Adept x2  
  51  7:15  Adept  
  51  7:16  Adept  
  45  7:31  Adept  
  45  7:32  Adept x3  
  53  7:48  Twilight Council  
  53  8:02  Adept x4  
  53  8:08  Pylon  
  61  8:23  Pylon  
  61  8:36  Adept  
  63  9:02  Assimilator  
  63  9:09  Stalker  
  65  9:10  Stalker x5  
  75  9:22  Pylon  
  75  9:32  Pylon  
  61  10:12  Stalker  
  61  10:13  Stalker  
  61  10:14  Stalker x4  
  59  10:36  Pylon  
  55  10:58  Pylon  
  55  11:09  Unknown  
  55  11:13  Adept x4  
  55  11:14  Adept x2  
  67  11:24  Forge  
  57  11:44  Stalker x3  
  57  11:45  Stalker x3  
  69  12:40  Stalker x3  
  69  12:41  Stalker x3  
  81  13:21  Stalker x4  
  81  13:22  Stalker  
  81  13:24  Zealot  
Tags
 
League
Bronze
Matchup
Co-op
Replay Pack
Multiplayer
Add a new tag
Caveats
  • Supply blocks, unpowered buildings, or Contaminate may cause inaccurate times.
  • Supply counts are checked every 10 seconds.